 Dungeon Crawl Stone Soup version 0.30.0-17-ge0270778cf (webtiles) character file.

Game seed: 2052784655922288426

95 booth the Chopper (level 4, -2/38 HPs)
             Began as a Gnoll Reaver on May 22, 2023.
             Slain by Grinder (4 damage)
             ... on level 3 of the Dungeon.
             The game lasted 00:09:46 (1711 turns).

booth the Chopper (Gnoll Reaver)                    Turns: 1711, Time: 00:09:47

Health: -2/38      AC:  5    Str: 13    XL:     4   Next: 66%
Magic:  11/11      EV: 12    Int: 12    God:
Gold:   131        SH:  0    Dex: 11    Spells: 7/13 levels left

rFire   . . .        a - +0 hand axe
rCold   . . .        (no shield)
rNeg    . . .        b - +1 leather armour
rPois   .            p - +0 helmet
rElec   .            (no cloak)
rCorr   .            (no gloves)
SInv    .            (no boots)
Will    .....        (no amulet)
Stlth   +            (no ring)
HPRegen 0.26/turn    (no ring)
MPRegen 0.12/turn

%: no passive effects
@: no status effects
A: fangs 1, strong nose, distributed training
a: no special abilities


You were on level 3 of the Dungeon.
You visited 1 branch of the dungeon, and saw 3 of its levels.

You collected 131 gold pieces.

Inventory:

Hand Weapons
 a - a +0 hand axe (weapon)
 d - a +0 mace
 e - a +0 flail
 t - a +0 mace
Armour
 b - a +1 leather armour (worn)
 p - a +0 helmet (worn)
Scrolls
 c - 2 scrolls of enchant armour
 f - a scroll of immolation
 k - a scroll of amnesia {unknown}
 m - 2 scrolls of teleportation
 n - a scroll of vulnerability {unknown}
 o - a scroll of identify
 s - a scroll of brand weapon {unknown}
Potions
 g - 2 potions of curing {unknown}
 h - a potion of berserk rage {unknown}
 i - 2 potions of brilliance {unknown}
 j - 2 potions of attraction {unknown}
 l - a potion of haste {unknown}
 q - a potion of lignification {unknown}
 r - a potion of magic {unknown}


   Skills:
 + Level 4.7 Fighting
 + Level 1.2 Short Blades
 + Level 1.2 Long Blades
 + Level 6.6 Axes
 + Level 1.2 Maces & Flails
 + Level 1.2 Polearms
 + Level 1.2 Staves
 + Level 1.2 Ranged Weapons
 + Level 1.2 Throwing
 + Level 1.2 Armour
 + Level 4.7 Dodging
 + Level 1.2 Stealth
 + Level 1.2 Shields
 + Level 1.2 Unarmed Combat
 + Level 5.1 Spellcasting
 + Level 5.5 Conjurations
 + Level 1.0 Hexes
 + Level 1.0 Summonings
 + Level 1.0 Necromancy
 + Level 1.0 Translocations
 + Level 1.0 Transmutations
 + Level 1.0 Fire Magic
 + Level 1.0 Ice Magic
 + Level 1.0 Air Magic
 + Level 1.0 Earth Magic
 + Level 1.0 Poison Magic
 + Level 1.4 Invocations
 + Level 1.2 Evocations


You had 7 spell levels left.
You knew the following spells:

 Your Spells              Type           Power      Damage    Failure   Level
a - Kiss of Death         Conj/Necr      40%        2d8       7%          1
b - Momentum Strike       Conj/Tloc      20%        3d8       10%         2
c - Hailstorm             Conj/Ice       10%        3d5       21%         3

Your spell library contained the following spells:

 Spells                   Type           Power      Damage    Failure   Level


Dungeon Overview and Level Annotations

Branches:
Dungeon (2/15)

Altars:

Annotations:
D:3 Grinder


Innate Abilities, Weirdness & Mutations

You have very sharp teeth.
Your uncanny sense of smell can sniff out nearby items.
Your experience applies equally to all skills.


Message History

You suddenly lose the ability to move!
Grinder gestures at you. You resist with significant effort.
Grinder gestures at you. You resist with significant effort.
You can move again.
Aiming: Kiss of Death (safe; 7% risk of failure)
Press: ? - help, Q - select action, (/) - cycle Shift-Dir - straight line, f - you, p - Grinder
Okay, then.
You cannot move.
Grinder gestures at you.
You barely resist. You completely miss Grinder.
Grinder is lightly wounded.
Grinder gestures at you. Pain shoots through your body!
You closely miss Grinder.
Grinder is lightly wounded.
You are no longer robbed of momentum.
Grinder closely misses you.
You completely miss Grinder.
Grinder is lightly wounded.
Grinder hits you but does no damage.
You hit Grinder but do no damage. You punch Grinder.
Grinder is lightly wounded.
Grinder gestures at you.
You suddenly lose the ability to move!
Grinder hits you. Grinder hits you!
You writhe in agony.
* * * LOW HITPOINT WARNING * * *
You can move again.
Unknown command.
You hit Grinder but do no damage.
Grinder is lightly wounded.
Grinder blinks!
Grinder gestures at you. Pain shoots through your body!
* * * LOW HITPOINT WARNING * * *
Grinder hits you.
You die...

.# #.......# #.. .#
#.......# #.# .#
######### ∆ #. ## #
########### #.........#
#.........#
#.........##########
######.........5@........
................#########
######..........#
##...#####.# #.### #.#
#.# #.# #.# #.# #.# #.#
#.# #.#


You could see Grinder.

Vanquished Creatures
  Robin (D:2)
  3 gnolls (D:3)
  An adder (D:2)
  A worm (D:2)
  A dart slug (D:2)
  An orc (D:3)
  2 ball pythons
  8 goblins
  4 hobgoblins (D:2)
  5 jackals (D:2)
  2 kobolds
  2 quokkas (D:3)
  6 bats
  2 frilled lizards (D:2)
  2 rats (D:1)
41 creatures vanquished.

Notes
Turn   | Place    | Note
-------+----------+-------------------------------------------
     0 | D:1      | booth the Gnoll Reaver began the quest for the Orb.
     0 | D:1      | Reached XP level 1. HP: 20/20 MP: 6/6
   636 | D:2      | Reached XP level 2. HP: 26/26 MP: 7/7
   639 | D:2      | Learned a level 2 spell: Momentum Strike
   973 | D:2      | Reached skill level 5 in Spellcasting
   973 | D:2      | Reached XP level 3. HP: 25/31 MP: 7/9
   977 | D:2      | Learned a level 3 spell: Hailstorm
  1054 | D:2      | Noticed Robin
  1069 | D:2      | Killed Robin
  1070 | D:2      | Reached skill level 1 in Invocations
  1094 | D:2      | Reached skill level 1 in Short Blades
  1094 | D:2      | Reached skill level 1 in Long Blades
  1094 | D:2      | Reached skill level 1 in Maces & Flails
  1094 | D:2      | Reached skill level 1 in Polearms
  1094 | D:2      | Reached skill level 1 in Staves
  1094 | D:2      | Reached skill level 1 in Ranged Weapons
  1094 | D:2      | Reached skill level 1 in Throwing
  1094 | D:2      | Reached skill level 1 in Armour
  1094 | D:2      | Reached skill level 1 in Stealth
  1094 | D:2      | Reached skill level 1 in Shields
  1094 | D:2      | Reached skill level 1 in Unarmed Combat
  1094 | D:2      | Reached skill level 1 in Evocations
  1264 | D:2      | Reached XP level 4. HP: 38/38 MP: 11/11
  1309 | D:2      | You fall into a shaft and drop 1 floor!
  1390 | D:3      | Reached skill level 1 in Hexes
  1390 | D:3      | Reached skill level 1 in Summonings
  1390 | D:3      | Reached skill level 1 in Necromancy
  1390 | D:3      | Reached skill level 1 in Translocations
  1390 | D:3      | Reached skill level 1 in Transmutations
  1390 | D:3      | Reached skill level 1 in Fire Magic
  1390 | D:3      | Reached skill level 1 in Ice Magic
  1390 | D:3      | Reached skill level 1 in Air Magic
  1390 | D:3      | Reached skill level 1 in Earth Magic
  1390 | D:3      | Reached skill level 1 in Poison Magic
  1685 | D:3      | Noticed Grinder
  1691 | D:3      | Paralysed by Grinder for 5 turns
  1701 | D:3      | Paralysed by Grinder for 3 turns
  1711 | D:3      | Slain by Grinder

Illustrated notes

Levels and vault maps discovered:
D:1:      minmay_arrival_three_doors, layout_basic
D:2:      layout_basic, uniq_robin
D:3:      layout_basic, uniq_grinder, uniq_terence

Skill      XL: |  1  2  3  4 |
---------------+-------------+-----
Spellcasting   | 5 |  5.1
Invocations    | 1 |  1.4
Short Blades   | 1 |  1.2
Long Blades    | 1 |  1.2
Maces & Flails | 1 |  1.2
Polearms       | 1 |  1.2
Staves         | 1 |  1.2
Ranged Weapons | 1 |  1.2
Throwing       | 1 |  1.2
Armour         | 1 |  1.2
Stealth        | 1 |  1.2
Shields        | 1 |  1.2
Unarmed Combat | 1 |  1.2
Evocations     | 1 |  1.2
Hexes          | 1 |  1.0
Summonings     | 1 |  1.0
Necromancy     | 1 |  1.0
Translocations | 1 |  1.0
Transmutations | 1 |  1.0
Fire Magic     | 1 |  1.0
Ice Magic      | 1 |  1.0
Air Magic      | 1 |  1.0
Earth Magic    | 1 |  1.0
Poison Magic   | 1 |  1.0
Fighting       | |  4.7
Axes           | |  6.6
Dodging        | |  4.7
Conjurations   | |  5.5

Action                     |  1- 3 |  4- 6 || total
---------------------------+-------+-------++-------
  Melee: Hand axe          |   137 |    28 ||   165
         Bite              |     9 |     2 ||    11
         Punch             |     1 |     3 ||     4
   Cast: Momentum Strike   |       |     1 ||     1
    Use: Scroll            |     5 |       ||     5
         Potion            |       |     1 ||     1
 Armour: Leather armour    |    46 |     5 ||    51
  Dodge: Dodged            |    86 |    14 ||   100
